 Dungeon Crawl Stone Soup version 0.23.0 (webtiles) character file.

Game seed: 2658431727620596734

279333 Infinimo the Minotaur Blade (level 19, 0/179 HPs)
             Began as a Minotaur Berserker on Feb 13, 2019.
             Was the Champion of Trog.
             Killed from afar by a deep elf annihilator (55 damage)
             ... with a crystal spear
             ... on level 3 of the Elven Halls.
             The game lasted 01:13:28 (45850 turns).

Infinimo the Minotaur Blade (Minotaur Berserker)   Turns: 45850, Time: 01:13:29

Health: 0/179      AC: 22    Str: 34    XL:     19   Next: 65%
Magic:  18/18      EV: 15    Int:  5    God:    Trog [******]
Gold:   2011       SH: 27    Dex: 15    Spells: 18/18 levels left

rFire    + + .     SeeInvis .   N - +5 double sword (flame)
rCold    + + .     Gourm    .   P - +0 large shield
rNeg     + . .     Faith    .   m - +3 plate armour {rF+}
rPois    +         Spirit   .   K - +0 hat of the Serpent {rN+ MR+ Str+4 Dex+4}
rElec    .         Reflect  +   g - scarf {rC+ rF+}
rCorr    .         Harm     .   v - +1 pair of gloves
MR       +++++                  y - +1 pair of boots {run}
Stlth    ..........             A - +3 amulet of reflection
HPRegen  0.39/turn              z - ring "Gearghyag" {+Fly rPois MR+++ Str+4 Dex-2}
MPRegen  0.16/turn              a - ring of protection from cold

@: lethally poisoned (0 -> -1), corroded, berserk cooldown, slowed, very slow
A: retaliatory headbutt, horns 2
}: 2/15 runes: decaying, serpentine
a: Berserk, Trog's Hand, Brothers in Arms, Renounce Religion, Evoke Flight


You were on level 3 of the Elven Halls.
You worshipped Trog.
Trog was exalted by your worship.
You were hungry.

You visited 6 branches of the dungeon, and saw 34 of its levels.

You collected 3812 gold pieces.
You spent 1801 gold pieces at shops.

Inventory:

Hand Weapons
 N - a +5 double sword of flaming (weapon)
 Q - a +2 double sword of protection
Armour
 g - a scarf of resistance (worn)
 m - a +3 plate armour of fire resistance (worn)
 v - a +1 pair of gloves (worn)
 y - a +1 pair of boots of running (worn)
 K - the +0 hat of the Serpent (worn) {rN+ MR+ Str+4 Dex+4}
   (You acquired it on level 3 of the Swamp)

   It affects your strength (+4).
   It affects your dexterity (+4).
   It protects you from negative energy.
   It affects your resistance to hostile enchantments.
 P - a +0 large shield (worn)
Jewellery
 a - a ring of protection from cold (right hand)
 z - the ring "Gearghyag" (left hand) {+Fly rPois MR+++ Str+4 Dex-2}
   (You took it off a gnoll on level 8 of the Dungeon)

   [ring of poison resistance]

   It affects your strength (+4).
   It affects your dexterity (-2).
   It protects you from poison.
   It affects your resistance to hostile enchantments.
   It lets you fly.
 A - a +3 amulet of reflection (around neck)
Wands
 w - a wand of scattershot (11)
 x - a wand of iceblast (6)
 D - a wand of disintegration (14)
 J - a wand of acid (17)
Scrolls
 b - 7 scrolls of magic mapping
 e - 12 scrolls of remove curse
 h - 27 scrolls of identify
 j - 15 scrolls of teleportation
 q - 2 scrolls of holy word
 r - 3 scrolls of enchant weapon
 s - 3 scrolls of fog
 u - 4 scrolls of fear
 G - 3 scrolls of blinking
 I - a scroll of summoning
 L - a scroll of enchant armour
 S - a scroll of acquirement
 T - a scroll of silence {unknown}
Potions
 d - 5 potions of agility
 i - 3 potions of brilliance
 k - 2 potions of heal wounds
 l - 7 potions of might
 n - 6 potions of haste
 o - 7 potions of mutation
 p - a potion of magic
 t - 8 potions of curing
 C - 7 potions of flight
 E - 2 potions of berserk rage
 F - 9 potions of degeneration
 H - 3 potions of resistance
 M - a potion of ambrosia {unknown}
 R - a potion of invisibility {unknown}
Comestibles
 c - 39 rations


   Skills:
 + Level 18.0 Fighting
 * Level 23.8 Long Blades
 + Level 18.0 Armour
 + Level 12.4 Dodging
 + Level 17.6 Shields


You had 18 spell levels left.
You didn't know any spells.
Your spell library was empty.

Dungeon Overview and Level Annotations

Branches:
Dungeon (15/15)            Temple (0/1) D:6            Lair (6/6) D:8
  Swamp (4/4) Lair:3        Snake (4/4) Lair:2        Slime (0/5) Lair:5
    Orc (2/2) D:12            Elf (3/3) Orc:2        Depths (0/5) D:15
 Vaults: D:13-14

Altars:
Dithmenos
Fedhas
Hepliaklqana
Makhleb
Sif Muna
Uskayaw
Xom
Zin
The Shining One
Beogh
Jiyva

Shops:
D:5 *(!(   D:7 =   Orc:2 :(*[   Elf:1 *   Elf:3 *   Snake:1 (

Annotations:
Lair:6 exclusion: oklob plant


Innate Abilities, Weirdness & Mutations

You reflexively headbutt those who attack you in melee.
You have a pair of horns on your head.


Message History

Trog appreciates your killing of a magic user.
Your Fighting skill increases to level 18!
Your Armour skill increases to level 18!
You feel sick.
You feel sick.
The deep elf annihilator is empowered by the deep elf high priest's aura!
The deep elf master archer wields a +0 longbow.
The deep elf master archer shoots an arrow.
The deep elf annihilator points at you and mumbles some strange words.
The bolt of lightning hits you!!!
The deep elf master archer shoots an arrow.
The arrow hits you.
Things that are here:
an arrow; a +0 rapier; a +0 chain mail The deep elf annihilator seems less brilliant.
The deep elf annihilator is empowered by something's aura!
The deep elf mage is empowered by something's aura!
The deep elf annihilator casts a spell at you.
The crystal spear hits you!!!
You die...

#).# #..# #))#
########..#####
#.....e.........
#....e..........
#...............
#..e############
#..@# #(..#
#...# #...#
#...# #...#
#...# #...#
#..#. #...#
#..#.


You could see a deep elf annihilator, a deep elf high priest and a deep elf
mage.

Vanquished Creatures
  Vashnia (Snake:4)
  Nikola (Snake:1)
  Rupert (Snake:1)
  A deep elf blademaster (Elf:2)
  Kirke (Swamp:3)
  4 thorn hunters
  9 nagarajas
  2 deep elf sorcerers (Elf:3)
  Louise (Swamp:3)
  2 orc warlords (Orc:2)
  The ghost of P0WERM0DE the Champion of Chaos, a journeyman DDFi of Makhleb (Snake:2)
  A very ugly thing (Swamp:1)
  4 entropy weavers (Lair:4)
  A deep elf demonologist (Elf:2)
  Azrael (D:12)
  2 deep elf annihilators
  2 deep elf death magi
  3 fire dragons (Swamp:4)
  Josephine (D:10)
  Fannar (D:12)
  15 hydras
  A yaktaur captain (D:15)
  4 ghost crabs
  Harold (Orc:2)
  12 naga warriors
  13 anacondas
  4 two-headed ogres
  5 shambling mangroves
  The ghost of Gargoyl the Chopper, a novice CeAK of Lugonu (Lair:1)
  3 centaur warriors
  9 alligators
  Urug (Lair:5)
  24 dancing weapons
  5 orc high priests
  9 shock serpents
  6 death yaks (Lair:6)
  Nergalle (Orc:1)
  14 naga sharpshooters
  12 deep elf knights
  Sonja (D:10)
  2 salamander mystics (Snake:2)
  6 fire crabs (Lair:4)
  3 spriggan druids
  19 sea snakes
  4 unseen horrors (D:13)
  5 naga ritualists
  8 swamp dragons
  3 lindwurms
  10 deep elf archers
  5 orc knights
  13 mana vipers
  4 orc sorcerers (Orc:2)
  37 deep elf magi
  12 ugly things
  3 oklob plants (Lair:1)
  4 cyclopes
  9 salamanders
  2 moths of wrath (Lair:5)
  2 manticores
  An apocalypse crab (Lair:4)
  4 guardian serpents
  Maurice (D:12)
  30 black mambas
  12 naga magi
  A gargoyle (D:14)
  34 spiny frogs
  A torpor snail (Lair:5)
  5 komodo dragons
  7 rime drakes
  A rime drake (shapeshifter) (D:13)
  A komodo dragon (shapeshifter) (D:13)
  2 tengu conjurers (D:15)
  7 trolls
  A harpy zombie (D:15)
  A polar bear (Lair:2)
  A queen bee (Lair:1)
  A wolf spider simulacrum (Lair:5)
  27 tyrant leeches
  18 hornets
  23 blink frogs
  25 slime creatures
  9 bog bodies
  13 hippogriffs
  2 air elementals
  7 wraiths
  3 shadows
  4 spriggans
  24 yaks
  12 wyverns
  2 dire elephant simulacra (Lair:5)
  9 fire elementals
  A hog (Swamp:3)
  6 basilisks
  3 steam dragons (Swamp:4)
  A hungry ghost (D:9)
  21 vampire mosquitoes
  15 insubstantial wisps
  3 wargs
  14 swamp worms
  44 nagas
  3 hell hounds
  An acid dragon (D:15)
  35 water moccasins
  8 porcupines
  40 orc warriors
  2 ice beasts
  12 swamp drakes
  3 sky beasts
  4 black bears (D:8)
  8 phantoms
  2 centaurs
  An eye of draining (D:10)
  2 necrophages
  15 ogres
  5 wolves (Lair:2)
  10 crocodiles
  34 bullfrogs
  3 big kobolds
  A gnoll sergeant (D:8)
  3 wyvern skeletons
  A spiny frog simulacrum (Lair:5)
  2 wyvern zombies
  An earth elemental (Elf:3)
  9 scorpions
  A hornet simulacrum (D:15)
  61 killer bees
  5 howler monkeys
  20 wights
  5 electric eels
  A lava snake (Swamp:4)
  11 crimson imps
  4 hounds
  2 quasits
  4 centaur zombies
  26 orc wizards
  3 bullfrog skeletons
  20 orc priests
  4 jellies
  3 centaur skeletons
  7 iguanas
  21 worker ants
  A killer bee zombie (D:7)
  A hound zombie (D:5)
  2 hound skeletons
  A porcupine simulacrum (Lair:5)
  A worker ant zombie (D:8)
  A howler monkey skeleton (D:7)
  14 gnolls
  32 adders
  A shadow imp (D:15)
  An ooze (D:6)
  A scorpion simulacrum (Lair:5)
  5 worms
  11 leopard geckos
  95 orcs
  7 bats
  5 giant cockroaches
  8 hobgoblins
  19 jackals
  20 kobolds
  5 quokkas
  A ball python (Snake:4)
  7 frilled lizards
  6 goblins
  A quokka zombie (D:6)
  6 rats
1384 creatures vanquished.

Vanquished Creatures (collateral kills)
  2 hydras
  An ugly thing (D:12)
  A shadow (D:12)
  A wyvern (D:12)
  A centaur (D:12)
  A howler monkey (D:12)
7 creatures vanquished.

Vanquished Creatures (others)
  A hydra (Swamp:4)
  An alligator (Swamp:3)
  2 naga sharpshooters (Snake:4)
  A swamp dragon (Swamp:4)
  A deep elf archer (Elf:2)
  A guardian serpent (Snake:4)
  A yaktaur (D:15)
  A yak (D:12)
  A human (Swamp:4)
  2 swamp drakes (Swamp:4)
  An orc (D:10)
  2 briar patches (Swamp:1)
  A fire vortex (Swamp:4)
  36 fungi
  60 plants
112 creatures vanquished.

Grand Total: 1503 creatures vanquished

Notes
Turn   | Place    | Note
-------+----------+-------------------------------------------
     0 | D:1      | Infinimo the Minotaur Berserker began the quest for the
                  | Orb.
     0 | D:1      | Reached XP level 1. HP: 19/19 MP: 0/0
   286 | D:1      | Reached skill level 4 in Long Blades
   313 | D:1      | Reached XP level 2. HP: 27/27 MP: 1/1
   993 | D:2      | Reached XP level 3. HP: 8/33 MP: 2/2
  1007 | D:2      | HP: 2/49 [poisoned by an adder]
  1014 | D:2      | HP: 1/49 [poisoned by an adder]
  1022 | D:2      | HP: 1/49 [poisoned by an adder]
  1498 | D:2      | Reached ** piety under Trog
  1947 | D:2      | Reached XP level 4. HP: 36/40 MP: 3/3
  2039 | D:3      | Reached skill level 5 in Long Blades
  3020 | D:4      | Reached XP level 5. HP: 46/47 MP: 4/4
  3077 | D:4      | Reached skill level 6 in Long Blades
  3196 | D:4      | Reached skill level 5 in Fighting
  3381 | D:4      | Reached *** piety under Trog
  3381 | D:4      | Reached XP level 6. HP: 41/56 MP: 5/5
  3741 | D:4      | Reached skill level 1 in Shields
  3883 | D:4      | Found a shadowy altar of Dithmenos.
  4059 | D:5      | Entered Level 5 of the Dungeon
  4059 | D:5      | Found Sawox's General Store.
  4109 | D:5      | Found Igalat's Weapon Shop.
  4197 | D:5      | Found Ceycha's Distillery.
  4219 | D:5      | Reached skill level 7 in Long Blades
  4223 | D:5      | Reached skill level 5 in Armour
  4223 | D:5      | Reached XP level 7. HP: 61/61 MP: 6/6
  4283 | D:5      | Bought a potion of heal wounds for 65 gold pieces
  4283 | D:5      | Bought a potion of curing for 39 gold pieces
  4504 | D:5      | Reached skill level 8 in Long Blades
  4680 | D:5      | Found a glowing golden altar of the Shining One.
  4837 | D:5      | Found a hazy altar of Hepliaklqana.
  4885 | D:5      | Found Viogiw's Weapon Shoppe.
  5048 | D:6      | Reached XP level 8. HP: 70/70 MP: 7/7
  5265 | D:6      | Noticed a hornet
  5266 | D:6      | Reached **** piety under Trog
  5275 | D:6      | Killed a hornet
  5275 | D:6      | Reached skill level 9 in Long Blades
  5499 | D:6      | Reached skill level 5 in Shields
  5604 | D:6      | Found a staircase to the Ecumenical Temple.
  5819 | D:6      | Found a burning altar of Makhleb.
  5819 | D:6      | Noticed a green death
  5883 | D:7      | Found Cumpus's Jewellery Boutique.
  5971 | D:7      | Reached XP level 9. HP: 79/79 MP: 8/8
  5975 | D:7      | Reached skill level 10 in Long Blades
  6657 | D:7      | Found a hide-covered altar of Uskayaw.
  6912 | D:8      | Received a gift from Trog
  7177 | D:8      | Found a blossoming altar of Fedhas.
  7249 | D:8      | Reached skill level 11 in Long Blades
  7667 | D:8      | Reached ***** piety under Trog
  7684 | D:8      | Found a staircase to the Lair.
  7700 | D:8      | Reached XP level 10. HP: 83/90 MP: 9/9
  7715 | D:8      | Identified the ring "Gearghyag" {+Fly rPois MR+++ Str+4
                  | Dex-2}
  8144 | D:8      | Noticed a two-headed ogre
  8154 | D:8      | Killed a two-headed ogre
  8154 | D:8      | Reached skill level 12 in Long Blades
  8457 | D:9      | Found a shimmering altar of Xom.
  8457 | D:9      | Found a glowing silver altar of Zin.
  8457 | D:9      | Noticed an angel
  9324 | D:10     | Entered Level 10 of the Dungeon
  9449 | D:10     | Noticed Josephine
  9459 | D:10     | Reached skill level 13 in Long Blades
  9472 | D:10     | Killed Josephine
  9472 | D:10     | Reached skill level 10 in Fighting
  9472 | D:10     | Reached XP level 11. HP: 99/99 MP: 10/10
  9478 | D:10     | Noticed Sonja
  9693 | D:10     | Killed Sonja
 10333 | D:11     | Reached skill level 10 in Armour
 10656 | D:11     | Noticed a two-headed ogre
 10669 | D:11     | Killed a two-headed ogre
 10961 | D:11     | Reached skill level 14 in Long Blades
 11362 | D:11     | Identified a scroll of acquirement
 11471 | Lair:1   | Entered Level 1 of the Lair of Beasts
 11650 | Lair:1   | Noticed an oklob plant
 11803 | Lair:1   | Found a transporter.
 11805 | Lair:1   | Noticed Gargoyl's ghost (novice CeAK)
 11820 | Lair:1   | Found a transporter.
 12107 | Lair:1   | Reached ****** piety under Trog
 12314 | Lair:1   | Noticed a seven-headed hydra
 12325 | Lair:1   | Killed a 16-headed hydra
 12767 | Lair:1   | Noticed an oklob plant
 12767 | Lair:1   | Noticed an oklob plant
 12797 | Lair:1   | Killed an oklob plant
 12797 | Lair:1   | Reached skill level 10 in Shields
 12797 | Lair:1   | Reached XP level 12. HP: 110/110 MP: 11/11
 13182 | Lair:1   | Reached skill level 15 in Long Blades
 13209 | Lair:1   | Killed Gargoyl's ghost
 13395 | Lair:1   | Got a pair of brightly glowing gloves
 13406 | Lair:1   | Identified the +1 pair of gloves "Reavyw" {Str+2 Dex+3
                  | Slay-2} (You found it on level 1 of the Lair of Beasts)
 13693 | Lair:2   | Found a staircase to the Snake Pit.
 13817 | Lair:2   | Received a gift from Trog
 14389 | Lair:3   | Received a gift from Trog
 14738 | Lair:3   | Reached skill level 16 in Long Blades
 14908 | Lair:3   | Found a staircase to the Swamp.
 15735 | Lair:4   | Found a runed translucent door.
 15855 | Lair:4   | Noticed a six-headed hydra
 15880 | Lair:4   | Killed a nine-headed hydra
 15880 | Lair:4   | Reached XP level 13. HP: 118/118 MP: 12/12
 15969 | Lair:4   | Received a gift from Trog
 16541 | Lair:4   | Noticed an entropy weaver
 16555 | Lair:4   | Killed an entropy weaver
 16653 | Lair:4   | Noticed an entropy weaver
 16662 | Lair:4   | Reached skill level 17 in Long Blades
 16664 | Lair:4   | Killed an entropy weaver
 16715 | Lair:4   | Noticed an entropy weaver
 16723 | Lair:4   | Killed an entropy weaver
 16898 | Lair:4   | Noticed an entropy weaver
 16920 | Lair:4   | Killed an entropy weaver
 17364 | Lair:4   | Paralysed by you for 3 turns
 18201 | Lair:5   | Noticed Urug
 18230 | Lair:5   | Killed Urug
 18703 | Lair:5   | Found a transporter.
 18815 | Lair:5   | Found a transporter.
 18978 | Lair:5   | Reached XP level 14. HP: 90/129 MP: 13/13
 19362 | Lair:5   | Found a viscous altar of Jiyva.
 19362 | Lair:5   | Found a staircase to the Slime Pits.
 19574 | Lair:6   | Entered Level 6 of the Lair of Beasts
 19603 | Lair:6   | Received a gift from Trog
 19670 | Lair:6   | Reached skill level 18 in Long Blades
 21699 | D:12     | Found a staircase to the Orcish Mines.
 21819 | D:12     | Received a gift from Trog
 21955 | D:12     | Received a gift from Trog
 21986 | D:12     | Noticed Fannar
 22426 | D:12     | Killed Fannar
 22639 | D:12     | Noticed Maurice
 22647 | D:12     | Killed Maurice
 22815 | D:12     | Noticed Azrael
 22819 | D:12     | Reached skill level 5 in Dodging
 22831 | D:12     | Killed Azrael
 22831 | D:12     | Reached skill level 19 in Long Blades
 22889 | D:12     | Got a transparent ring mail
 22900 | D:12     | Identified the +2 ring mail "Kioq Veo" {-Cast Str+10} (You
                  | found it on level 12 of the Dungeon)
 22976 | D:12     | Reached XP level 15. HP: 112/138 MP: 14/14
 23541 | D:13     | Received a gift from Trog
 24805 | D:13     | Received a gift from Trog
 24823 | D:13     | Got an ivory double sword {god gift}
 24824 | D:13     | Identified the +2 double sword of Starshine {slice, rF++
                  | MR- Int+3 Dex+4} (Trog gifted it to you on level 13 of the
                  | Dungeon)
 24989 | D:14     | You fall through a shaft!
 24989 | D:15     | Entered Level 15 of the Dungeon
 25540 | D:15     | Found a staircase to the Depths.
 25666 | D:15     | Found a roughly hewn altar of Beogh.
 26068 | Orc:1    | Entered Level 1 of the Orcish Mines
 26078 | Orc:1    | Received a gift from Trog
 26311 | Orc:2    | Entered Level 2 of the Orcish Mines
 26642 | Orc:2    | Found a staircase to the Elven Halls.
 26655 | Orc:2    | Noticed an orc warlord
 26767 | Orc:2    | Killed an orc warlord
 27040 | Orc:1    | Noticed Nergalle
 27044 | Orc:1    | Killed Nergalle
 27044 | Orc:1    | Received a gift from Trog
 27045 | Orc:1    | Noticed Harold
 27091 | Orc:1    | Reached skill level 15 in Fighting
 27491 | Orc:2    | Killed Harold
 27491 | Orc:2    | Reached skill level 20 in Long Blades
 27676 | Orc:2    | Noticed an orc warlord
 27999 | Orc:2    | Reached skill level 15 in Armour
 28029 | Orc:2    | Killed an orc warlord
 28083 | Orc:2    | Received a gift from Trog
 28089 | Orc:2    | Reached XP level 16. HP: 124/149 MP: 15/15
 28243 | Orc:2    | Found Nogeil's Antique Armour Boutique.
 28244 | Orc:2    | Found Savyar's Antique Weapon Boutique.
 28245 | Orc:2    | Found Jityir's General Store.
 28245 | Orc:2    | Found Zoafeuz's Book Shop.
 28259 | Orc:2    | Bought a pair of glowing gloves for 247 gold pieces
 28956 | Swamp:1  | Entered Level 1 of the Swamp
 29500 | Swamp:1  | Noticed a thorn hunter
 29529 | Swamp:1  | Killed a thorn hunter
 30488 | Swamp:1  | Noticed a thorn hunter
 30498 | Swamp:1  | Killed a thorn hunter
 30632 | Swamp:2  | Noticed a thorn hunter
 30638 | Swamp:2  | Killed a thorn hunter
 31237 | Swamp:2  | Received a gift from Trog
 32038 | Swamp:2  | Reached skill level 15 in Shields
 32267 | Swamp:3  | Noticed Louise
 32290 | Swamp:3  | Killed Louise
 33388 | Swamp:3  | Got a polished hat
 33399 | Swamp:3  | Identified the +0 hat of the Serpent {rN+ MR+ Str+4 Dex+4}
                  | (You acquired it on level 3 of the Swamp)
 33447 | Swamp:4  | Entered Level 4 of the Swamp
 33456 | Swamp:4  | Reached skill level 21 in Long Blades
 33651 | Swamp:4  | Received a gift from Trog
 34215 | Swamp:4  | Noticed Kirke
 34331 | Swamp:3  | Killed Kirke
 34331 | Swamp:3  | Reached XP level 17. HP: 158/158 MP: 16/16
 35462 | Swamp:4  | Got a decaying rune of Zot
 35620 | Snake:1  | Entered Level 1 of the Snake Pit
 35727 | Snake:1  | Noticed Rupert
 35741 | Snake:1  | Killed Rupert
 36080 | Snake:1  | Received a gift from Trog
 36261 | Snake:1  | Found Idumorph's Weapon Shoppe.
 36272 | Snake:1  | Noticed Nikola
 36280 | Snake:1  | Killed Nikola
 36322 | Snake:1  | Reached skill level 10 in Dodging
 36766 | Snake:2  | Found a runed translucent door.
 37009 | Snake:2  | HP: 5/159 [shock serpent/bolt of electricity (13)]
 37606 | Snake:2  | Reached skill level 22 in Long Blades
 37928 | Snake:2  | Noticed P0WERM0DE's ghost (journeyman DDFi)
 38202 | Snake:2  | Killed P0WERM0DE's ghost
 38485 | Snake:3  | Received a gift from Trog
 38670 | Snake:3  | Got a pair of smoking boots
 38676 | Snake:3  | Identified the +1 pair of boots of Veanosal {MR- Str+4}
                  | (You acquired it on level 3 of the Snake Pit)
 38799 | Snake:3  | Reached XP level 18. HP: 168/168 MP: 17/17
 39346 | Snake:4  | Entered Level 4 of the Snake Pit
 39394 | Snake:4  | Noticed Vashnia
 39402 | Snake:4  | Killed Vashnia
 40715 | Snake:4  | Received a gift from Trog
 41380 | Snake:4  | Reached skill level 23 in Long Blades
 41708 | Snake:4  | Got a serpentine rune of Zot
 42274 | Elf:1    | Entered Level 1 of the Elven Halls
 42603 | Elf:1    | Found a deep blue altar of Sif Muna.
 42690 | Elf:1    | Reached XP level 19. HP: 176/177 MP: 18/18
 42860 | Elf:1    | Received a gift from Trog
 42868 | Elf:1    | Found Fuosinog's General Store.
 42886 | Elf:1    | Bought a scroll of teleportation for 45 gold pieces
 42886 | Elf:1    | Bought a +1 pair of boots of running for 547 gold pieces
 43642 | Elf:2    | Found a runed translucent gate.
 43642 | Elf:2    | Found a runed translucent gate.
 43643 | Elf:2    | Found a runed translucent gate.
 44105 | Elf:2    | Found a frozen archway.
 44489 | Elf:2    | Received a gift from Trog
 45210 | Elf:3    | Entered Level 3 of the Elven Halls
 45391 | Elf:3    | Found Puviff's Assorted Antiques.
 45401 | Elf:3    | Bought an embroidered hat for 182 gold pieces
 45401 | Elf:3    | Bought a shiny plate armour for 676 gold pieces
 45850 | Elf:3    | Killed from afar by a deep elf annihilator

Skill      XL: |  1  2  3  4  5  6  7  8  9 10 11 12 13 14 15 16 17 18 19 |
---------------+----------------------------------------------------------+-----
Long Blades    | 4 5 6 7 8 9 11 13 14 16 17 19 20 21 22 23 | 23.8
Fighting       | 4 5 6 7 8 10 11 12 13 14 15 16 17 18 | 18.0
Armour         | 3 4 5 6 8 9 10 12 13 14 15 16 17 18 | 18.0
Shields        | 2 3 5 6 8 10 11 12 13 14 15 16 17 | 17.6
Dodging        | 5 7 9 10 11 12 | 12.4

Action                   |  1- 3 |  4- 6 |  7- 9 | 10-12 | 13-15 | 16-18 | 19-21 || total
-------------------------+-------+-------+-------+-------+-------+-------+-------++-------
Melee: Falchion          |    88 |   130 |   331 |   557 |       |       |       ||  1106
       Headbutt          |     6 |    21 |    75 |   215 |   339 |   425 |    70 ||  1151
       Scimitar          |       |       |       |   344 |  1037 |    37 |       ||  1418
       Double sword      |       |       |       |       |   377 |  1313 |   320 ||  2010
Invok: Berserk           |     2 |     7 |     9 |    23 |    27 |    15 |     3 ||    86
       Brothers in Arms  |       |       |       |       |     3 |       |       ||     3
Evoke: Wand              |       |       |       |     1 |       |       |       ||     1
  Use: Scroll            |     1 |     5 |     4 |     5 |    14 |    12 |       ||    41
       Potion            |     4 |       |     1 |     3 |     1 |     5 |       ||    14
 Stab: Confused          |       |       |       |       |       |     3 |       ||     3
  Eat: Chunk             |     1 |    10 |    13 |    37 |    50 |    31 |    12 ||   154
       Ration            |     1 |     1 |     2 |     4 |     5 |     9 |       ||    22
Armor: Animal skin       |    13 |     4 |       |       |       |       |       ||    17
       Chain mail        |       |    33 |   102 |       |       |       |       ||   135
       Plate armour      |       |       |    32 |   301 |   371 |   347 |    63 ||  1114
Dodge: Dodged            |    75 |    59 |   100 |   180 |   245 |   319 |    58 ||  1036
Block: Buckler           |       |     7 |    93 |    98 |       |       |       ||   198
       Shield            |       |       |       |   382 |   929 |   256 |       ||  1567
       Reflection        |       |       |       |     2 |    26 |   146 |    26 ||   200
       Large shield      |       |       |       |       |       |  1105 |   276 ||  1381
       Rpst.: Falchion   |    19 |    19 |    31 |    33 |       |       |       ||   102
       Scimitar          |       |       |       |    16 |    36 |     3 |       ||    55
       Double sword      |       |       |       |       |    10 |    49 |     4 ||    63
